 Dungeon Crawl Stone Soup version 0.30-a0-860-g512cf1e979 (webtiles) character file.

Game seed: 4028612233501655237

78244 NotreDorf the Fighter (level 15, -3/138 HPs)
             Began as a Minotaur Berserker on Mar 7, 2023.
             Was the Champion of Trog.
             Slain by a death yak (13 damage)
             ... on level 5 of the Lair of Beasts.
             The game lasted 01:12:20 (13530 turns).

NotreDorf the Fighter (Minotaur Berserker)         Turns: 13530, Time: 01:12:21

Health: -3/138     AC: 20    Str: 24    XL:     15   Next: 17%
Magic:  14/14      EV: 16    Int:  8    God:    Trog [******]
Gold:   933        SH:  0    Dex: 11    Spells: 14/14 levels left

rFire   . . .      SeeInvis +    M - +5 executioner's axe (flame)
rCold   . . .      Faith    .    (shield currently unavailable)
rNeg    + . .      Spirit   .    y - +3 ring mail
rPois   .          Reflect  .    G - +1 hat {SInv}
rElec   .          Rampage  .    p - +1 cloak
rCorr   .                        F - +0 pair of gloves
Will    ++++.                    j - +2 pair of boots
Stlth   +                        E - amulet of regeneration
HPRegen 2.23/turn                k - ring of willpower
MPRegen 0.14/turn                s - ring of positive energy

@: strong-willed, regenerating, studying Long Blades
A: horns 2, retaliatory headbutt
a: Renounce Religion, Berserk, Trog's Hand, Brothers in Arms


You were on level 5 of the Lair of Beasts.
You worshipped Trog.
Trog was exalted by your worship.
You visited 2 branches of the dungeon, and saw 17 of its levels.

You collected 1164 gold pieces.
You spent 231 gold pieces at shops.

Inventory:

Hand Weapons
 x - a +7 dire flail of electrocution
 M - a +5 executioner's axe of flaming (weapon)
Missiles
 i - 34 poisoned darts (quivered)
 J - 8 atropa-tipped darts
 L - 3 throwing nets
Armour
 f - the +1 kite shield of the Bard {rElec Str+8 Int-2 Dex+5}
   (You acquired it on level 9 of the Dungeon)

   Str:       It affects your strength (+8).
   Int:       It affects your intelligence (-2).
   Dex:       It affects your dexterity (+5).
   rElec:     It insulates you from electricity.
 j - a +2 pair of boots (worn)
 l - +0 ice dragon scales
 p - a +1 cloak (worn)
 y - a +3 ring mail (worn)
 F - a +0 pair of gloves (worn)
 G - a +1 hat of see invisible (worn)
 K - +0 acid dragon scales
Jewellery
 k - a ring of willpower (left hand)
 n - a ring of protection from cold
 s - a ring of positive energy (right hand)
 t - an amulet of guardian spirit
 u - a ring of see invisible
 C - a ring of protection from cold
 D - a ring of protection from fire
 E - an amulet of regeneration (around neck)
Wands
 b - a wand of paralysis (13)
 g - a wand of polymorph (8)
 w - a wand of quicksilver (5)
 B - a wand of flame (67)
 H - a wand of iceblast (2)
 N - a wand of digging (7)
 O - a wand of mindburst (6)
Scrolls
 e - 2 scrolls of poison
 m - a scroll of identify
 o - 10 scrolls of teleportation
 r - 2 scrolls of fog {unknown}
 v - a scroll of silence
 P - a scroll of blinking
Potions
 a - 2 potions of ambrosia
 c - 6 potions of flight
 d - 5 potions of haste
 h - 4 potions of curing
 q - 2 potions of berserk rage
 z - a potion of cancellation
 A - 6 potions of might
 I - a potion of invisibility


   Skills:
 + Level 14.2 Fighting
 + Level 9.0(11.7) Axes
 - Level 11.7(13.0) Maces & Flails
 + Level 14.0 Armour
 + Level 12.8 Dodging
 + Level 5.6 Shields
 + Level 12.5 Unarmed Combat


You had 14 spell levels left.
You didn't know any spells.
Your spell library was empty.

Dungeon Overview and Level Annotations

Branches:
Dungeon (12/15)            Temple (0/1) D:7            Lair (5/5) D:9
  Swamp (0/4) Lair:2        Snake (0/4) Lair:2        Slime (0/5) Lair:5
    Orc (0/2) D:9

Altars:
Qazlal
Uskayaw
Vehumet
The Shining One
Jiyva

Shops:
D:5 !

Annotations:
D:2 1 runed translucent door, Crazy Yiuf
D:8 2 runed translucent doors, exclusion: orange crystal statue
D:11 2 transporters


Innate Abilities, Weirdness & Mutations

You have a pair of horns on your head.
You reflexively headbutt those who attack you in melee.


Message History

You chop one of the seven-headed hydra's heads off!
The flame cauterises the wound!
You slice the six-headed hydra!! You burn the six-headed hydra.
The six-headed hydra is severely wounded.
You hit the death yak. You burn the death yak.
The death yak closely misses you.
The six-headed hydra completely misses you.
You furiously retaliate!
You headbutt the six-headed hydra.
The six-headed hydra bites you but does no damage. x2
The six-headed hydra barely misses you. The six-headed hydra bites you!
* * * LOW HITPOINT WARNING * * *
The six-headed hydra bites you but does no damage.
The death yak gores you but does no damage.
You hack one of the six-headed hydra's heads off!
The flame cauterises the wound!
You slash the five-headed hydra! You burn the five-headed hydra.
The five-headed hydra is almost dead.
You hit the death yak. You burn the death yak.
The five-headed hydra bites you but does no damage. x4
The five-headed hydra bites you!
* * * LOW HITPOINT WARNING * * *
The death yak closely misses you.
The five-headed hydra barely misses you.
The five-headed hydra misses you.
The five-headed hydra bites you but does no damage. x2
The five-headed hydra bites you!
* * * LOW HITPOINT WARNING * * *
You lop one of the five-headed hydra's heads off!
The flame cauterises the wound!
You slice the four-headed hydra!! You burn the four-headed hydra.
You kill the four-headed hydra!
Trog accepts your kill.
You completely miss the death yak. The death yak gores you!
* * * LOW HITPOINT WARNING * * *
Your Armour skill increases to level 14!
You slash the death yak! You burn the death yak!
Your headbutt misses the death yak.
The death yak is almost dead.
The death yak gores you!
You die...

#.................
##.....###........
#.....# ####.....
###.....#
#P...#.## ≈#
#..##...# #≈#.
##..##..#...≈..
#...#..##...~..
##.@##..##...~ .
#.†Y.†.###..###.#
#...##..#.......#
###......#......#
#.............#
#..P.......#...#
#....#........##
#..P......Y...#
..............#


You could see a death yak.

Vanquished Creatures
  Gastronok (D:11)
  8 hydras
  A centaur warrior (D:10)
  A two-headed ogre (D:10)
  A death knight (D:10)
  5 death yaks (Lair:5)
  2 skysharks
  Amaemon (Lair:3)
  A goliath frog (Lair:5)
  Pikel (D:4)
  A bog body (Lair:2)
  An oklob plant (Lair:2)
  2 manticores
  2 cyclopes
  A black mamba (Lair:2)
  9 elephants
  14 cane toads
  An orange demon (Lair:3)
  5 komodo dragons
  6 rime drakes
  A kobold demonologist (D:10)
  2 trolls (D:9)
  3 hornets
  A polar bear (Lair:1)
  3 tyrant leeches
  34 blink frogs
  6 slime creatures
  4 dream sheep
  3 shadows (D:10)
  Sigmund (D:4)
  3 wyverns
  A wraith (D:10)
  40 yaks
  A vampire (D:10)
  2 steam dragons
  5 basilisks
  Menkaure (D:5)
  8 vampire mosquitoes
  2 swamp worms (Lair:2)
  An acid dragon (D:10)
  Edmund (D:4)
  3 nagas (Lair:2)
  14 water moccasins
  8 orc warriors
  A sky beast (D:8)
  A black bear (D:6)
  6 centaurs
  10 wolves
  5 ogres
  6 phantoms
  10 bullfrogs
  4 kobold brigands
  3 scorpions
  6 gnoll sergeants
  13 wights
  14 killer bees
  5 howler monkeys
  An electric eel (Lair:2)
  5 jellies
  5 orc priests
  4 hounds
  4 iguanas
  A sleepcap (D:7)
  Jessica (D:2)
  Natasha (thrice) (D:2)
  A gnoll bouda (D:4)
  18 orc wizards
  6 hell rats (Lair:3)
  Robin (D:3)
  21 gnolls
  9 adders
  2 shadow imps
  A white imp (D:7)
  2 ufetubi (D:5)
  4 dart slugs
  33 orcs
  10 ball pythons
  8 bats
  7 endoplasms
  8 goblins (D:3)
  12 hobgoblins
  6 jackals
  6 quokkas
  3 frilled lizards
  27 kobolds
  2 rats
  2 bushes
509 creatures vanquished.

Vanquished Creatures (others)
  8 bushes
  24 fungi
  90 plants
122 creatures vanquished.

Grand Total: 631 creatures vanquished

Notes
Turn   | Place    | Note
-------+----------+-------------------------------------------
     0 | D:1      | NotreDorf the Minotaur Berserker began the quest for the
                  | Orb.
     0 | D:1      | Reached XP level 1. HP: 19/19 MP: 0/0
    40 | D:1      | Found a faded altar of an unknown god.
   136 | D:1      | Reached XP level 2. HP: 20/27 MP: 1/1
   484 | D:2      | Reached XP level 3. HP: 28/33 MP: 2/2
   633 | D:2      | Reached ** piety under Trog
   677 | D:2      | Noticed Jessica
   683 | D:2      | Killed Jessica
   684 | D:2      | Reached skill level 1 in Unarmed Combat
   687 | D:2      | Reached XP level 4. HP: 21/40 MP: 3/3
   906 | D:2      | Found a runed translucent door.
   907 | D:2      | Noticed Crazy Yiuf
  1093 | D:2      | Noticed Natasha
  1100 | D:2      | Killed Natasha
  1147 | D:2      | Noticed Natasha
  1152 | D:2      | Killed Natasha
  1153 | D:2      | Reached XP level 5. HP: 40/47 MP: 4/4
  1413 | D:2      | Noticed Natasha
  1423 | D:2      | Killed Natasha
  1511 | D:3      | Noticed Robin
  1541 | D:3      | Killed Robin
  1909 | D:3      | Reached *** piety under Trog
  2154 | D:4      | Noticed a phantom
  2168 | D:4      | Killed a phantom
  2169 | D:4      | Reached skill level 5 in Fighting
  2169 | D:4      | Reached XP level 6. HP: 49/56 MP: 3/5
  2349 | D:4      | Noticed Edmund
  2368 | D:4      | Killed Edmund
  2369 | D:4      | Reached skill level 5 in Axes
  2512 | D:4      | Noticed Sigmund
  2544 | D:4      | Killed Sigmund
  2545 | D:4      | Reached skill level 1 in Maces & Flails
  2545 | D:4      | Reached XP level 7. HP: 50/61 MP: 4/6
  2646 | D:4      | Reached skill level 5 in Armour
  2854 | D:4      | Noticed Pikel
  2866 | D:4      | Killed Pikel
  2867 | D:4      | Reached skill level 5 in Dodging
  2867 | D:4      | Reached XP level 8. HP: 69/71 MP: 7/7
  3206 | D:5      | Entered Level 5 of the Dungeon
  3303 | D:5      | Found Yrghied's Distillery.
  3326 | D:5      | Reached skill level 5 in Unarmed Combat
  3334 | D:5      | Bought a potion of curing for 33 gold pieces
  3334 | D:5      | Bought 2 potions of might for 88 gold pieces
  3334 | D:5      | Bought a potion of heal wounds for 55 gold pieces
  3334 | D:5      | Bought a potion of lignification for 33 gold pieces
  3334 | D:5      | Bought 2 potions of degeneration for 22 gold pieces
  3464 | D:5      | Reached **** piety under Trog
  3606 | D:5      | Noticed Menkaure
  3612 | D:5      | Killed Menkaure
  3613 | D:5      | Reached XP level 9. HP: 57/79 MP: 5/8
  3923 | D:6      | Reached skill level 5 in Maces & Flails
  4944 | D:7      | Found a staircase to the Ecumenical Temple.
  5012 | D:7      | Reached ***** piety under Trog
  5049 | D:7      | Found a radiant altar of Vehumet.
  5479 | D:7      | Reached XP level 10. HP: 85/90 MP: 9/9
  5929 | D:8      | Found a runed translucent door.
  5933 | D:8      | Found the +10 tower shield of Ignorance {rN+ Int-4}
  5963 | D:8      | Found a runed translucent door.
  5963 | D:8      | Noticed an orange crystal statue
  6188 | D:8      | Noticed a +0 short sword
  6188 | D:8      | Noticed a +0 falchion
  6188 | D:8      | Noticed a +0 spear
  6189 | D:8      | Noticed a +0 falchion
  6190 | D:8      | Noticed a +0 spear
  6190 | D:8      | Noticed a +0 dagger
  6190 | D:8      | Noticed a +0 dagger
  6191 | D:8      | Noticed a +0 short sword
  6192 | D:8      | Found a hide-covered altar of Uskayaw.
  6286 | D:9      | Identified a scroll of acquirement
  6287 | D:9      | Acquired the +1 kite shield of the Bard {rElec Str+8 Int-2
                  | Dex+5}
  6301 | D:9      | Paralysed by a hornet for 1 turns
  6429 | D:9      | You fall into a shaft and drop 3 floors!
  6439 | D:12     | Noticed a manticore
  6452 | D:12     | Killed a manticore
  6517 | D:11     | Noticed Gastronok
  6534 | D:11     | Killed Gastronok
  6646 | D:11     | Found a transporter.
  6646 | D:11     | Found a transporter.
  6651 | D:11     | Found a viscous altar of Jiyva.
  7030 | D:11     | Noticed a cyclops
  7041 | D:11     | Killed a cyclops
  7042 | D:11     | Reached XP level 11. HP: 64/99 MP: 10/10
  7081 | D:11     | Noticed a glowing orange brain
  7238 | D:10     | Entered Level 10 of the Dungeon
  7263 | D:10     | Found a stormy altar of Qazlal.
  7280 | D:10     | Found a glowing golden altar of the Shining One.
  7318 | D:10     | Reached skill level 10 in Fighting
  7476 | D:10     | Noticed a centaur warrior
  7493 | D:10     | Killed a centaur warrior
  7494 | D:10     | Reached skill level 10 in Armour
  7511 | D:10     | Noticed a death knight
  7532 | D:10     | Killed a death knight
  7628 | D:10     | Noticed a five-headed hydra
  7639 | D:10     | Killed a five-headed hydra
  7700 | D:10     | Noticed a two-headed ogre
  7710 | D:10     | Killed a two-headed ogre
  7966 | D:10     | Reached skill level 10 in Dodging
  7966 | D:10     | Reached XP level 12. HP: 102/110 MP: 11/11
  8017 | D:10     | Reached ****** piety under Trog
  8216 | D:10     | Reached skill level 10 in Maces & Flails
  8466 | D:9      | Reached skill level 10 in Unarmed Combat
  8489 | D:9      | Received a gift from Trog
  8645 | D:9      | Found a staircase to the Lair.
  8862 | D:9      | Found a staircase to the Orcish Mines.
  9258 | Lair:1   | Entered Level 1 of the Lair of Beasts
  9939 | Lair:2   | Noticed a five-headed hydra
  9951 | Lair:2   | Killed a one-headed hydra
 10015 | Lair:2   | Noticed a four-headed hydra
 10022 | Lair:2   | Killed a one-headed hydra
 10091 | Lair:2   | Noticed an eight-headed hydra
 10093 | Lair:2   | Found a staircase to the Snake Pit.
 10104 | Lair:2   | Killed a three-headed hydra
 10380 | Lair:2   | Received a gift from Trog
 10381 | Lair:2   | Found a staircase to the Swamp.
 10391 | Lair:2   | Reached XP level 13. HP: 10/119 MP: 12/12
 10730 | Lair:3   | Noticed Amaemon
 10735 | Lair:3   | Killed Amaemon
 11730 | Lair:3   | Reached XP level 14. HP: 129/129 MP: 13/13
 12690 | Lair:5   | Entered Level 5 of the Lair of Beasts
 12745 | Lair:5   | HP: 6/130 [tyrant leech (24)]
 13123 | Lair:5   | Received a gift from Trog
 13166 | Lair:5   | Found a staircase to the Slime Pits.
 13209 | Lair:5   | Reached XP level 15. HP: 62/138 MP: 14/14
 13212 | Lair:5   | Reached skill level 5 in Shields
 13530 | Lair:5   | Slain by a death yak

Illustrated notes

Levels and vault maps discovered:
D:1:      dpeg_arrival_arbitrary_c, layout_rooms,
          hellmonk_ecumenical_altar_blasted, interstate_on_off,
          minmay_pentomino_u2
D:2:      layout_basic, st_stairs_7, uniq_jessica, uniq_crazy_yiuf_cottage,
          uniq_natasha
D:3:      layout_basic, uniq_robin
D:4:      layout_loops_ring, uniq_edmund, uniq_pikel, uniq_sigmund
D:5:      layout_cave_pools, nicolae_stop_n_shop_2, uniq_menkaure
D:6:      layout_cave_pools
D:7:      layout_loops_ring, mainiacjoe_overflow_surrounded_room,
          minmay_temple_entry_large_hall
D:8:      layout_cave_pods, nicolae_uskayaw_en_pointe,
          chequers_guarded_unrand_ignorance
D:9:      layout_basic, dpeg_oklobed_lair,
          kennysheep_orc_monster_closet_entryway
D:10:     hangedman_cross_cluster, layout_cave_pools,
          nicolae_qazlal_eye_of_the_storm, tso_altar
D:11:     gammafunk_jiyva_shrine, layout_loops_ring, uniq_gastronok
D:12:     layout_roguey [special_room_orc], uniq_nessos
Lair:1:   layout_long_grid, serial_rivers, chequers_serial_rivers_micro_e,
          chequers_serial_rivers_small_3, chequers_serial_rivers_micro_a,
          chequers_serial_rivers_small_a, chequers_serial_rivers_room_b,
          chequers_serial_rivers_room_b, grunt_megastairs_3,
          infiniplex_staircase_pool_2
Lair:2:   layout_cave_shapes, nicolae_swamp_entry_splash_gauntlet,
          nicolae_snake_entry_squirm
Lair:3:   layout_chaotic_city, serial_bayou_shore_b, uniq_amaemon
Lair:4:   layout_cave_pods
Lair:5:   minmay_lair_end_frog_pond, layout_misc_corridors,
          nicolae_slime_entry_slimehenge, chequers_serial_rivers_micro_b,
          nzn_masters_of_martial_movement

Skill      XL: |  1  2  3  4  5  6  7  8  9 10 11 12 13 14 15 |
---------------+----------------------------------------------+-----
Fighting       | 4 5 6 7 8 9 11 12 13 14 | 14.2
Armour         | 3 4 5 6 8 9 10 12 13 14 | 14.0
Axes           | 4 5 7 8 9 |  9.0
Dodging        | 3 4 5 6 7 8 10 11 12 | 12.8
Unarmed Combat | 1 2 3 4 5 6 8 9 10 11 12 | 12.5
Maces & Flails | 1 3 4 6 8 9 11 | 11.7
Shields        | 3 4 5 |  5.6

Action                     |  1- 3 |  4- 6 |  7- 9 | 10-12 | 13-15 || total
---------------------------+-------+-------+-------+-------+-------++-------
  Melee: Hand axe          |    76 |   126 |       |       |       ||   202
         Headbutt          |     7 |    19 |    38 |    90 |    78 ||   232
         Punch             |     1 |     1 |       |       |       ||     2
         Dire flail        |       |    14 |   256 |   351 |       ||   621
         Executioner's axe |       |       |       |   138 |   319 ||   457
  Throw: Dart              |       |       |       |     5 |       ||     5
 Invoke: Berserk           |       |       |     2 |     2 |     2 ||     6
         Trog's Hand       |       |       |     1 |       |     1 ||     2
  Evoke: Wand              |       |       |     2 |    12 |       ||    14
    Use: Potion            |       |     2 |     2 |     5 |     1 ||    10
         Scroll            |       |       |    18 |    15 |     1 ||    34
   Stab: Paralysed         |       |       |       |     2 |       ||     2
 Armour: Animal skin       |     4 |       |       |       |       ||     4
         Leather armour    |     6 |       |       |       |       ||     6
         Scale mail        |    11 |    45 |       |       |       ||    56
         Ring mail         |       |     7 |    89 |   206 |   233 ||   535
  Dodge: Dodged            |    46 |    79 |   154 |   367 |   351 ||   997

Table legend: (Time is in decaauts)
 A = Elapsed time spent in this place.
 B = Non-inter-level travel time spent in this place.
 C = Inter-level travel time spent in this place.
 D = Time resting spent in this place.
 E = Time spent auto-exploring this place.
 F = Levels seen in this place.
 G = Mean time per level.
                   A        B        C        D        E       F      G
               +--------+--------+--------+--------+--------+-----+--------+
         Total |  13745 |  13319 |    426 |   1055 |   8651 |  17 |  808.5 |
       Dungeon |   9276 |   8942 |    334 |    521 |   6013 |  12 |  773.0 |
          Lair |   4468 |   4376 |     92 |    534 |   2638 |   5 |  893.6 |
               +--------+--------+--------+--------+--------+-----+--------+

Top non-repeatable levels by time:
  Lair:4: 1183 daAuts
     D:9: 1164 daAuts
     D:4: 1093 daAuts
  Lair:3: 1061 daAuts
     D:2: 1016 daAuts
    D:10: 1002 daAuts
     D:5: 860 daAuts
     D:7: 838 daAuts
  Lair:2: 831 daAuts
    D:11: 774 daAuts
     D:8: 719 daAuts
  Lair:1: 701 daAuts
  Lair:5: 690 daAuts
     D:6: 668 daAuts
     D:3: 638 daAuts
